 Dungeon Crawl Stone Soup version 0.31.0-12-g77e489cdc1 (webtiles) character file.

Game seed: 17245441469743029075

35417 GeoRichter the Spear-Bearer (level 13, -1/177 HPs)
             Began as a Green Draconian Warper on Feb 20, 2024.
             Was a High Priest of Kikubaaqudgha.
             Slain by a minotaur
             ... wielding a +4 great mace of holy wrath
              (15 damage)
             ... in a Gauntlet on Feb 22, 2024.
             The game lasted 00:49:06 (18562 turns).

GeoRichter the Spear-Bearer (DrWr)                 Turns: 18562, Time: 00:49:07

Health: -1/177     AC: 15    Str: 16    XL:     13   Next: 47%
Magic:  0/20       EV: 16    Int: 17    God:    Kikubaaqudgha [*****.]
Gold:   752        SH: 10    Dex: 16    Spells: 14/22 levels left

rFire   + . .        u - +1 trident (chaos)
rCold   . . .        I - +0 kite shield
rNeg    . . .        (body armour unavailable)
rPois   +            U - +2 hat
rElec   .            G - +1 cloak
rCorr   +            s - +1 pair of gloves
SInv    .            i - +0 pair of boots
Will    .....        N - amulet of guardian spirit Stlth
                     a - +5 ring of evasion
HPRegen 0.49/turn    O - ring of protection from fire
MPRegen 0.17/turn

%: no teleportation, guardian spirit
@: berserking, maw-form, very quick
A: devouring maw, breathe noxious fumes, AC +8, unfitting armour, poison
resistance, cold-blooded
a: Breathe Noxious Fumes, Begin Untransformation, Renounce Religion, Unearth
Wretches, Torment


You were in a Gauntlet.
You worshipped Kikubaaqudgha.
Kikubaaqudgha was extremely pleased with you.
You were a creature with a mouth for a stomach.
You visited 2 branches of the dungeon, and saw 17 of its levels.
You also visited: Gauntlet.

You collected 752 gold pieces.

Inventory:

Hand Weapons
 u - a +1 trident of chaos (weapon)
   (You found it on level 3 of the Dungeon)
Missiles
 c - 7 darts of dispersal {!f}
 x - a throwing net {!f}
 J - 5 atropa-tipped darts
Armour
 i - a +0 pair of boots (worn)
   (You found it on level 8 of the Dungeon)
 s - a +1 pair of gloves (worn)
   (You found it on level 3 of the Dungeon)
 G - a +1 cloak (worn)
   (You found it on level 9 of the Dungeon)
 I - a +0 kite shield (worn)
   (You took it off a gnoll sergeant on level 11 of the Dungeon)
 U - a +2 hat (worn)
   (You took it off Gastronok on level 3 of the Lair of Beasts)
Jewellery
 a - a +5 ring of evasion (left hand)
   (You took it off an orc on level 4 of the Dungeon)
 e - an amulet of reflection
   (You found it in a Gauntlet)
 g - a +6 ring of strength
   (You found it on level 2 of the Dungeon)
 p - a ring of flight
   (You found it on level 2 of the Dungeon)
 K - the ring of the Lumpy Friars {rF- rN+ Dex+4}
   (You found it in a Gauntlet)

   [ring of positive energy]

   Dex+4:     It affects your dexterity (+4).
   rF-:       It makes you vulnerable to fire.
   rN+:       It protects you from negative energy.
 L - an amulet of magic regeneration
   (You found it on level 11 of the Dungeon)
 M - a ring of wizardry
   (You found it on level 11 of the Dungeon)
 N - an amulet of guardian spirit (around neck)
   (You found it on level 12 of the Dungeon)
 O - a ring of protection from fire (right hand)
   (You found it on level 3 of the Lair of Beasts)
Talismans
 l - a granite talisman
   (You found it on level 1 of the Dungeon)
 Q - the maw talisman "Ibbuedia" (active) {rCorr Int+2 Dex+4}
   (You found it on level 3 of the Lair of Beasts)

   [maw talisman]

   Int+2:     It affects your intelligence (+2).
   Dex+4:     It affects your dexterity (+4).
   rCorr:     It protects you from acid and corrosion.
Wands
 h - a wand of iceblast (6)
   (You found it on level 6 of the Dungeon)
 v - a wand of flame (53)
   (You took it off Edmund on level 4 of the Dungeon)
 D - a wand of polymorph (23)
   (You found it on level 5 of the Dungeon)
 R - a wand of mindburst (9)
   (You found it on level 2 of the Lair of Beasts)
Scrolls
 b - 3 scrolls of blinking
 j - 2 scrolls of amnesia
 n - 2 scrolls of silence
 o - 2 scrolls of poison
 q - 2 scrolls of vulnerability {!r}
 r - a scroll of fog
 w - 2 scrolls of enchant weapon
 y - 2 scrolls of immolation {!r}
 C - 5 scrolls of fear
 F - 2 scrolls of teleportation {@r4}
 H - a scroll of brand weapon
 P - 2 scrolls of enchant armour
Potions
 k - 7 potions of curing {@q1}
 m - a potion of berserk rage
 t - 2 potions of attraction {!q}
 z - 2 potions of resistance {unknown}
 A - 3 potions of ambrosia {unknown}
 B - 2 potions of lignification {!q}
 E - a potion of enlightenment
 S - a potion of haste {unknown}


   Skills:
 + Level 12.0 Fighting
 - Level 14.0 Polearms
 - Level 0.8 Throwing
 - Level 2.1 Dodging
 + Level 6.2 Shields
 * Level 5.1 Spellcasting
 - Level 7.9 Necromancy
 - Level 3.0 Translocations
 - Level 10.0 Shapeshifting


You had 14 spell levels left.
You knew the following spells:

 Your Spells              Type           Power      Damage    Failure   Level
a - Fugue of the Fallen   Necr           31%        N/A       4%          3
b - Borgnjor's Vile Clut  Necr/Erth      8%         N/A       88%         5

Your spell library contained the following spells:

 Spells                   Type           Power      Damage    Failure   Level
 Necrotise                Necr           100%       1d9       1%          1
 Sublimation of Blood     Necr           31%        N/A       1%          2
 Vampiric Draining        Necr           31%        2d8       4%          3
 Kiss of Death            Conj/Necr      68%        2d10      7%          1
 Dispel Undead            Necr           31%        3d14      13%         4
 Blink                    Tloc           28%        N/A       16%         2
 Lesser Beckoning         Tloc           28%        N/A       16%         2
 Teleport Other           Tloc           14%        N/A       30%         3
 Curse of Agony           Necr           31%        N/A       36%         5
 Scorch                   Fire           8%         2d5       47%         2
 Volatile Blastmotes      Fire/Tloc      18%        2d11      50%         3
 Anguish                  Hex/Necr       8%         N/A       56%         4
 Call Canine Familiar     Summ           4%         N/A       71%         3
 Confusing Touch          Hex            4%         N/A       71%         3
 Hailstorm                Conj/Ice       4%         3d5       71%         3
 Ozocubu's Armour         Ice            4%         N/A       71%         3
 Sigil of Binding         Hex            4%         N/A       71%         3
 Summon Ice Beast         Ice/Summ       4%         N/A       71%         3
 Manifold Assault         Tloc           14%        N/A       71%         4
 Dimensional Bullseye     Hex/Tloc       4%         N/A       88%         4
 Iskenderun's Mystic Bla  Conj/Tloc      9%         2d4       88%         4
 Vhi's Electric Charge    Tloc/Air       18%        N/A       88%         4
 Brom's Barrelling Bould  Conj/Erth      4%         2d3       98%         4
 Flame Wave               Conj/Fire      4%         2d5       98%         4
 Fulminant Prism          Conj/Alch      2%         3d5       98%         4
 Fireball                 Conj/Fire      2%         3d4       100%        5
 Iskenderun's Battlesphe  Conj           4%         2d6       100%        5
 Conjure Ball Lightning   Conj/Air       2%         3x3d6     100%        6
 Sculpt Simulacrum        Ice/Alch       2%         N/A       100%        6
 Summon Cactus Giant      Summ           2%         N/A       100%        6
 Orb of Destruction       Conj           2%         9d5       100%        7


Dungeon Overview and Level Annotations

Branches:
Dungeon (12/15) Zot: 26106  Temple (0/1) D:7            Lair (5/5) D:11 Zot: 25964
  Swamp (0/4) Lair:3        Snake (0/4) Lair:3        Slime (0/5) Lair:4
    Orc (0/2) D:10        Gauntlet (1/1) Zot: 5062

Altars:
Hepliaklqana
Kikubaaqudgha
Ru
Vehumet
Wu Jian
Zin
The Shining One

Annotations:
D:7 3 runed translucent doors, Peloso's ghost, novice MiFi
D:11 exclusions: 3 doors and 1 more exclusion Gauntlet 10 transporters, 5 runed translucent doors, exclusion: oklob plant


Innate Abilities, Weirdness & Mutations

You are a creature with a mouth for a stomach.
Your midsection houses a second, enormous mouth.
You can breathe blasts of noxious fumes.
Your lurid green scales are hard. (AC +8)
You cannot fit into any form of body armour.
Your system is resistant to poisons. (rPois)
You are cold-blooded and may be slowed by cold attacks.


Message History

Aim: a minotaur, wielding a +4 great mace of holy wrath, wearing a +2 chain mail of willpower and quivering javelins (heavily wounded, poisoned, slow, about 20% to evade your +1 trident of chaos)
You hit the minotaur but do no damage.
Your tail-slap misses the minotaur.
Your bite misses the minotaur.
The minotaur is heavily wounded.
The minotaur hits you with a +4 great mace of holy wrath!
The minotaur misses you.
Reach: u) +1 trident (chaos)
Press: ? - help, Dir - move target, f/p - minotaur
Aim: a minotaur, wielding a +4 great mace of holy wrath, wearing a +2 chain mail of willpower and quivering javelins (heavily wounded, poisoned, slow, about 20% to evade your +1 trident of chaos)
You hit the minotaur.
The minotaur is heavily wounded.
The minotaur is no longer moving slowly.
Reach: u) +1 trident (chaos)
Press: ? - help, Dir - move target, f/p - minotaur
Aim: a minotaur, wielding a +4 great mace of holy wrath, wearing a +2 chain mail of willpower and quivering javelins (heavily wounded, poisoned, about 20% to evade your +1 trident of chaos)
You hit the minotaur.
You bite the minotaur, but do no damage.
The minotaur is heavily wounded.
The minotaur hits you with a +4 great mace of holy wrath!!
The minotaur closely misses you.
Reach: u) +1 trident (chaos)
Press: ? - help, Dir - move target, f/p - minotaur
Aim: a minotaur, wielding a +4 great mace of holy wrath, wearing a +2 chain mail of willpower and quivering javelins (heavily wounded, poisoned, about 20% to evade your +1 trident of chaos)
You hit the minotaur but do no damage.
The minotaur seems to speed up.
The minotaur is heavily wounded.
The minotaur hits you with a +4 great mace of holy wrath!!
* * * LOW HITPOINT WARNING * * *
The minotaur gores you.
* * * LOW HITPOINT WARNING * * *
Unknown command.
You puncture the minotaur! You bite the minotaur.
The minotaur is severely wounded.
The minotaur hits you with a +4 great mace of holy wrath!
* * * LOW HITPOINT WARNING * * *
The minotaur gores you.
* * * LOW HITPOINT WARNING * * *
You hit the minotaur but do no damage. You bite the minotaur.
The minotaur is severely wounded.
You block the minotaur's attack. The minotaur gores you.
* * * LOW HITPOINT WARNING * * *
Unknown command.
A red film seems to cover your vision as you go berserk!
You feel yourself moving faster!
You feel mighty!
The minotaur looks more healthy.
The minotaur hits you with a +4 great mace of holy wrath!!!
* * * LOW HITPOINT WARNING * * *
The minotaur gores you but does no damage.
The minotaur hits you with a +4 great mace of holy wrath!
You die...
Kikubaaqudgha rasps: "You have failed me!
Welcome... death!"

###+## ##..⌠.#
'⌠...# .(.⌠+ ∩Z.
#H# ######W#######
#.......(.....#
#.###.###.###.#
............#
#.###.###.###
###.###.###.#####
§...............≈#
##
8.8.8.8.8.8.8.8.8#
### 8#
≈...............≈#
#8#


You could see a minotaur (fast) and a minotaur zombie (fast).

Vanquished Creatures
  Gastronok (Lair:3)
  Nessos (Lair:3)
  Josephine (Lair:3)
  A slime creature (Gauntlet)
  2 hydras
  A catoblepas (Gauntlet)
  3 boulder beetles
  A centaur warrior (D:11)
  4 two-headed ogres
  Urug (Lair:3)
  A cyclops (D:11)
  A black mamba (Lair:2)
  2 molten gargoyles (Gauntlet)
  2 torpor snails
  5 cane toads
  A gargoyle (Gauntlet)
  A kobold demonologist (D:10)
  An unseen horror (D:11)
  2 rime drakes
  7 komodo dragons
  5 trolls
  2 polar bears (Lair:3)
  Grinder (D:6)
  A wind drake (Lair:2)
  A hornet (D:11)
  15 blink frogs
  3 wyverns
  27 yaks
  3 wraiths
  Eustachio (D:4)
  5 basilisks
  Grum (Lair:1)
  2 nagas (Lair:3)
  10 vampire mosquitoes
  Edmund (D:4)
  An acid dragon (D:8)
  8 water moccasins
  2 black bears
  5 orc warriors
  3 ice beasts
  9 wolves (Lair:1)
  3 ogres
  2 centaurs (D:11)
  A phantom (D:2)
  11 bullfrogs
  3 kobold brigands
  A gnoll sergeant (D:11)
  2 scorpions
  4 wights (D:8)
  8 killer bees
  An electric eel (Lair:3)
  9 howler monkeys
  2 bombardier beetles
  3 jellies
  10 orc priests
  3 gnoll boudas
  7 hounds
  Jessica (D:3)
  5 iguanas
  10 orc wizards
  2 sleepcaps
  17 gnolls
  8 adders
  3 white imps
  4 ufetubi
  5 dart slugs
  A ribbon worm (D:3)
  55 orcs
  4 ball pythons
  7 endoplasms
  5 giant cockroaches
  4 goblins
  11 hobgoblins
  5 jackals
  6 quokkas
  12 bats
  2 frilled lizards
  21 kobolds
  3 rats
406 creatures vanquished.

Vanquished Creatures (others)
  Prince Ribbit (Lair:3)
  2 yaks (D:11)
  A gnoll (D:11)
4 creatures vanquished.

Grand Total: 410 creatures vanquished

Notes
Turn   | Place    | Note
-------+----------+-------------------------------------------
     0 | D:1      | GeoRichter the Draconian Warper began the quest for the
                  | Orb.
     0 | D:1      | Reached XP level 1. HP: 17/17 MP: 3/3
   132 | D:1      | Reached XP level 2. HP: 18/25 MP: 5/5
   789 | D:1      | Reached XP level 3. HP: 29/30 MP: 6/6
   812 | D:1      | Reached skill level 1 in Shapeshifting
   818 | D:1      | Reached skill level 3 in Polearms
  1549 | D:2      | Noticed a phantom
  1575 | D:2      | Killed a phantom
  1576 | D:2      | Reached XP level 4. HP: 11/38 MP: 7/7
  1695 | D:2      | Reached skill level 4 in Polearms
  1695 | D:2      | Reached XP level 5. HP: 44/45 MP: 8/8
  1759 | D:2      | Found a faded altar of an unknown god.
  2074 | D:3      | Noticed Jessica
  2082 | D:3      | Killed Jessica
  2720 | D:3      | Reached XP level 6. HP: 50/52 MP: 9/9
  3173 | D:4      | Reached skill level 5 in Polearms
  3275 | D:4      | Noticed Edmund
  3441 | D:4      | Killed Edmund
  3442 | D:4      | Your scales start taking on a lurid green colour.
  3442 | D:4      | Reached XP level 7. HP: 7/60 MP: 10/10
  3442 | D:4      | Gained mutation: Your system is resistant to poisons.
                  | (rPois) [Green Draconian growth]
  3614 | D:4      | Reached skill level 6 in Polearms
  3725 | D:4      | Noticed Eustachio
  3775 | D:4      | Killed Eustachio
  3776 | D:4      | Reached skill level 5 in Fighting
  4081 | D:4      | Found a radiant altar of Vehumet.
  4508 | D:5      | Entered Level 5 of the Dungeon
  4530 | D:5      | Reached skill level 7 in Polearms
  4858 | D:5      | Reached XP level 8. HP: 70/70 MP: 11/11
  5159 | D:5      | Reached skill level 8 in Polearms
  5439 | D:6      | Noticed Grinder
  5857 | D:6      | Reached skill level 9 in Polearms
  5941 | D:6      | Killed Grinder
  5973 | D:6      | Reached XP level 9. HP: 79/79 MP: 12/12
  6087 | D:6      | Found an ancient bone altar of Kikubaaqudgha.
  6314 | D:6      | Became a worshipper of Kikubaaqudgha
  6388 | D:7      | Found a runed translucent gate.
  6388 | D:7      | Found a runed translucent gate.
  6389 | D:7      | Found a runed translucent gate.
  6391 | D:7      | Noticed Peloso's ghost (novice MiFi)
  6420 | D:7      | Reached skill level 1 in Necromancy
  6624 | D:7      | Learned a level 3 spell: Fugue of the Fallen
  6639 | D:7      | Reached skill level 10 in Polearms
  6663 | D:7      | Found an ornate altar of the Wu Jian Council.
  6663 | D:7      | Found a glowing golden altar of the Shining One.
  6877 | D:7      | Found a staircase to the Ecumenical Temple.
  7532 | D:8      | Reached * piety under Kikubaaqudgha
  7532 | D:8      | Received a gift from Kikubaaqudgha
  7605 | D:8      | Found a sacrificial altar of Ru.
  8347 | D:9      | Reached skill level 11 in Polearms
  8640 | D:9      | Reached XP level 10. HP: 79/90 MP: 13/13
  8651 | D:9      | Reached ** piety under Kikubaaqudgha
  8727 | D:9      | Found a glowing silver altar of Zin.
  8775 | D:9      | Noticed a two-headed ogre
  9468 | D:9      | Killed a two-headed ogre
  9572 | D:10     | Entered Level 10 of the Dungeon
  9648 | D:10     | Noticed a two-headed ogre
  9654 | D:10     | Noticed a sun demon
  9666 | D:10     | Reached skill level 12 in Polearms
  9666 | D:10     | Reached skill level 5 in Necromancy
  9671 | D:10     | Noticed a two-headed ogre
 10482 | D:9      | Killed a two-headed ogre
 10513 | D:10     | Killed a two-headed ogre
 10514 | D:10     | Reached skill level 10 in Fighting
 10608 | D:10     | Noticed a gargoyle
 10685 | D:10     | Found a hazy altar of Hepliaklqana.
 10885 | D:10     | Found Xoss's Assorted Antiques.
 10970 | D:10     | Found a staircase to the Orcish Mines.
 11301 | D:11     | Noticed a boulder beetle
 11594 | D:11     | Reached XP level 11. HP: 90/99 MP: 11/14
 11622 | D:11     | Reached skill level 13 in Polearms
 11854 | D:11     | Reached *** piety under Kikubaaqudgha
 11854 | D:11     | Received a gift from Kikubaaqudgha
 11924 | D:11     | Noticed a centaur warrior
 11947 | D:11     | Killed a centaur warrior
 12053 | D:11     | Noticed a two-headed ogre
 12056 | D:11     | Noticed a boulder beetle
 12065 | D:11     | Killed a two-headed ogre
 12094 | D:11     | Killed a boulder beetle
 12353 | D:11     | Found a staircase to the Lair.
 12499 | D:11     | Noticed a boulder beetle
 12519 | D:11     | Killed a boulder beetle
 12520 | D:11     | Reached skill level 14 in Polearms
 12526 | D:11     | Learned a level 5 spell: Borgnjor's Vile Clutch
 12544 | D:11     | You fall into a shaft and drop 1 floor!
 13116 | Lair:1   | Entered Level 1 of the Lair of Beasts
 13182 | D:11     | Reached skill level 1 in Shields
 13395 | D:11     | Reached XP level 12. HP: 74/110 MP: 9/15
 13589 | Lair:1   | Noticed a boulder beetle
 13609 | Lair:1   | Killed a boulder beetle
 13609 | Lair:1   | Reached **** piety under Kikubaaqudgha
 13734 | Lair:1   | Reached skill level 5 in Shapeshifting
 14121 | Lair:1   | Noticed Grum
 14142 | Lair:1   | Killed Grum
 14716 | Lair:2   | Noticed a five-headed hydra
 14739 | Lair:2   | Killed a five-headed hydra
 15083 | Lair:2   | Reached skill level 5 in Shields
 15686 | Lair:3   | Noticed Josephine
 15973 | Lair:3   | Found a staircase to the Snake Pit.
 16017 | Lair:3   | Noticed Gastronok
 16048 | Lair:3   | Killed Gastronok
 16273 | Lair:3   | Found a staircase to the Swamp.
 16322 | Lair:3   | Noticed Urug
 16332 | Lair:3   | Noticed Nessos
 16529 | Lair:3   | Killed Urug
 16634 | Lair:3   | Reached XP level 13. HP: 109/116 MP: 14/16
 16643 | Lair:3   | Killed Josephine
 16664 | Lair:3   | Reached ***** piety under Kikubaaqudgha
 16665 | Lair:3   | Reached skill level 10 in Shapeshifting
 16796 | Lair:3   | Identified the maw talisman "Ibbuedia" {rCorr Int+2 Dex+4}
 16968 | Lair:3   | Killed Nessos
 17004 | Lair:3   | Noticed Prince Ribbit
 17010 | Lair:3   | Killed Prince Ribbit
 17560 | Lair:4   | You fall into a shaft and drop 1 floor!
 17560 | Lair:5   | Entered Level 5 of the Lair of Beasts
 17597 | Lair:5   | Found a gate leading to a gauntlet.
 17616 | Gauntlet | Entered a Gauntlet
 17616 | Gauntlet | Found a transporter.
 17616 | Gauntlet | Found a transporter.
 17672 | Gauntlet | Found a transporter.
 17682 | Gauntlet | Found a transporter.
 17688 | Gauntlet | Found a large runed translucent door.
 17689 | Gauntlet | Found a large runed translucent door.
 17690 | Gauntlet | Found a large runed translucent door.
 17690 | Gauntlet | Found a large runed translucent door.
 17691 | Gauntlet | Found a large runed translucent door.
 17691 | Gauntlet | Found a large runed translucent door.
 17691 | Gauntlet | Found a runed translucent gate.
 17691 | Gauntlet | Found a runed translucent door.
 17692 | Gauntlet | Found a transporter.
 17692 | Gauntlet | Found a runed translucent gate.
 17692 | Gauntlet | Found a transporter.
 17693 | Gauntlet | Found a runed translucent gate.
 17694 | Gauntlet | Found a large runed translucent door.
 17694 | Gauntlet | Found a large runed translucent door.
 17695 | Gauntlet | Found a large runed translucent door.
 17696 | Gauntlet | Found a large runed translucent door.
 17705 | Gauntlet | Found a large runed translucent door.
 17705 | Gauntlet | Found a large runed translucent door.
 17705 | Gauntlet | Found a runed translucent door.
 17720 | Gauntlet | Found a transporter.
 17736 | Gauntlet | Found a large runed translucent door.
 17737 | Gauntlet | Found a large runed translucent door.
 17739 | Gauntlet | Found a transporter.
 17760 | Gauntlet | Found a transporter.
 17767 | Gauntlet | Found a transporter.
 17789 | Gauntlet | Found a transporter.
 17822 | Gauntlet | Found a transporter.
 17838 | Gauntlet | Found a transporter.
 17851 | Gauntlet | Found a transporter.
 17942 | Gauntlet | Found a transporter.
 17961 | Gauntlet | Found a transporter.
 17974 | Gauntlet | Found a large runed translucent door.
 17975 | Gauntlet | Found a large runed translucent door.
 18333 | Gauntlet | Identified the ring of the Lumpy Friars {rF- rN+ Dex+4}
 18412 | Gauntlet | HP: 4/117 [catoblepas/blast of calcifying dust (4)]
 18431 | Gauntlet | Reached skill level 5 in Spellcasting
 18542 | Gauntlet | Noticed a minotaur
 18562 | Gauntlet | Slain by a minotaur

Illustrated notes

Levels and vault maps discovered:
D:1:      beargit_arrival_diablo_church, layout_basic
D:2:      minmay_inner_zag, layout_rooms, basic_ecumenical_altar
D:3:      layout_basic, uniq_jessica
D:4:      layout_loops_ring, mainiacjoe_overflow_24_doors, minmay_between,
          uniq_eustachio, uniq_edmund
D:5:      minmay_general_purpose_star, layout_basic
D:6:      layout_loops_ring, mainiacjoe_overflow_small_starburst, uniq_grinder
D:7:      layout_cave_pools, nicolae_overflow_two_pavilions,
          minmay_temple_entry_fiery, gammafunk_ghost_split,
          kennysheep_crisscross
D:8:      layout_basic, nicolae_ru_great_annihilating_truth
D:9:      layout_basic, zin_treasury
D:10:     layout_rooms, nicolae_overflow_crystal_walls,
          minmay_orc_entry_temple_small, serial_shops, nicolae_lakefront_shop,
          st_stairs_2
D:11:     layout_basic, david_lair_shrubbed, minivault_11, grunt_potential
D:12:     layout_irregular_city
Lair:1:   layout_chaotic_city, lemuel_fruit_fields, uniq_grum
Lair:2:   layout_gridlike, beast_lair_carwin_2, lemuel_fruit_fields,
          infiniplex_staircase_pool_2
Lair:3:   layout_long_grid, minmay_swamp_entry_swarm,
          guppyfry_snake_entry_garden, pond, lemuel_fruit_tree, uniq_gastronok,
          uniq_nessos, uniq_urug, uniq_josephine, uniq_prince_ribbit2
Lair:4:   layout_cellular_growth, minmay_slime_entry_pillars,
          portal_ice_cave_entry_pillars_1
Lair:5:   evilmike_catoblepas_cave, layout_loops_ring, gauntlet_entry_generic
Gauntlet: gammafunk_gauntlet_branching [nicolae_gauntlet_arena_quarters,
          gammafunk_gauntlet_arena_hedges, nicolae_gauntlet_arena_blocks,
          gammafunk_gauntlet_arena_corners, gammafunk_gauntlet_arena_spirals,
          nicolae_gauntlet_arena_x, minmay_gauntlet_arena_make_your_own_arena,
          gammafunk_gauntlet_arena_crates, gauntlet_exit_hidden_loot]

Skill      XL: |  1  2  3  4  5  6  7  8  9 10 11 12 13 |
---------------+----------------------------------------+-----
Shapeshifting  | 1 2 4 9 10 | 10.0
Polearms       | 3 4 5 7 9 11 12 14 | 14.0
Fighting       | 3 4 5 7 8 10 11 12 | 12.0
Necromancy     | 3 6 7 |  7.9
Shields        | 1 5 6 |  6.2
Spellcasting   | 5 |  5.1
Throwing       | |  0.8
Dodging        | |  2.1
Translocations | |  3.0

Action                     |  1- 3 |  4- 6 |  7- 9 | 10-12 | 13-15 || total
---------------------------+-------+-------+-------+-------+-------++-------
  Melee: Spear             |   168 |   186 |       |       |       ||   354
         Tailslap          |    19 |    26 |    64 |   153 |    40 ||   302
         Punch             |     2 |       |     5 |    13 |       ||    20
         Trident           |       |    34 |   514 |   940 |   229 ||  1717
         Unarmed           |       |       |     6 |       |       ||     6
         Maw               |       |       |       |       |    78 ||    78
  Throw: Dart              |       |     3 |     5 |    33 |     3 ||    44
         Throwing net      |       |     1 |       |       |       ||     1
   Cast: Fugue of the Fall |       |       |       |    31 |     3 ||    34
Ability: Breathe Noxious F |       |       |     7 |    15 |     1 ||    23
  Evoke: Wand              |       |       |     5 |     7 |       ||    12
    Use: Scroll            |       |       |    16 |     9 |     5 ||    30
         Potion            |       |       |     1 |     2 |     5 ||     8
   Stab: Sleeping          |     4 |     3 |     2 |       |       ||     9
         Held in net/web   |       |     1 |       |       |       ||     1
         Confused          |       |       |     6 |    15 |     7 ||    28
         Paralysed         |       |       |     2 |     3 |     1 ||     6
         Distracted        |       |       |     1 |       |       ||     1
 Armour: Skin              |    79 |    85 |   182 |   368 |   107 ||   821
  Dodge: Dodged            |    81 |    71 |   357 |   456 |    94 ||  1059
  Block: Kite shield       |       |       |       |   177 |    97 ||   274
   Form: Beast             |     1 |       |       |       |       ||     1
                           |       |       |     1 |       |       ||     1
         Maw               |       |       |       |       |     4 ||     4
